 Dungeon Crawl Stone Soup version 0.31-a0-255-g9c3d1c461a (webtiles) character file.

Game seed: 12082672137339271186

128 qw the Shooter (level 5, -6/30 HPs)
             Began as a Gargoyle Hexslinger on July 12, 2023.
             Killed by divine providence
             ... invoked by an orc priest
              (10 damage)
             ... on level 3 of the Dungeon.
             The game lasted 00:00:48 (1306 turns).

qw the Shooter (Gargoyle Hexslinger)                Turns: 1306, Time: 00:00:49

Health: -6/30      AC:  7    Str: 11    XL:     5   Next: 12%
Magic:  6/6        EV: 11    Int: 14    God:
Gold:   75         SH:  0    Dex: 14    Spells: 5/6 levels left

rFire   . . .        Y - +2 sling
rCold   . . .        (no shield)
rNeg    + . .        i - +0 leather armour
rPois   inf          (no helmet)
rElec   +            (no cloak)
rCorr   .            (no gloves)
SInv    .            (no boots)
Will    .....        (no amulet)
Stlth   +            (no ring)
HPRegen 0.25/turn    (no ring)
MPRegen 0.10/turn

%: no passive effects
@: about to teleport
A: sickness immunity, AC +4, negative energy resistance 1, electricity
resistance, torment resistance 1, petrification resistance
a: no special abilities


You were on level 3 of the Dungeon.
You visited 1 branch of the dungeon, and saw 3 of its levels.

You collected 75 gold pieces.


Innate Abilities, Weirdness & Mutations

You are immune to sickness and miasma.
Your stone body is resilient. (AC +4)
You are immune to poison.
You resist negative energy. (rN+)
You are resistant to electric shocks. (rElec)
You are resistant to unholy torment.
You are immune to petrification.


   Skills:
 - Level 2.0 Fighting
 + Level 4.9 Ranged Weapons
 - Level 1.5 Dodging
 - Level 1.0 Spellcasting
 - Level 2.6 Hexes


You had 5 spell levels left.
You knew the following spells:

 Your Spells              Type           Power      Damage    Failure   Level
a - Slow                  Hex            32%        N/A       12%         1

Your spell library contained the following spells:

 Spells                   Type           Power      Damage    Failure   Level
 Inner Flame              Hex/Fire       4%         N/A       52%         3
 Portal Projectile        Hex/Tloc       8%         N/A       52%         3
 Cause Fear               Hex            4%         N/A       75%         4

Inventory:

Hand Weapons
 Y - a +2 sling (weapon)
Armour
 d - a +0 ring mail
 i - a +0 leather armour (worn)
Scrolls
 b - a scroll of identify
 e - a scroll of amnesia {unknown}
Potions
 a - a potion of heal wounds
 c - a potion of enlightenment {unknown}
 g - 3 potions of curing
 j - a potion of haste

Dungeon Overview and Level Annotations

Branches:
Dungeon (3/15)

Altars:
Sif Muna


Message History

f - a scroll of teleportation 2 orcs come into view.
The orc shouts! x2; You hear a shout!
An orc wizard comes into view. It is wielding a +0 dagger.
An orc comes into view. It is wielding a +0 dagger.
An orc comes into view. It is wielding a +0 flail.
You shoot a sling bullet. The orc wizard shouts!
The orc shouts!
The sling bullet hits the orc!
You kill the orc!
An orc priest comes into view. It is wielding a +0 mace.
The orc wizard points at you and mumbles some strange words.
You resist with some effort.
The orc priest shouts!
You shoot a sling bullet. The sling bullet hits the orc.
The orc is moderately wounded.
The orc wizard gestures wildly while chanting.
The orc wizard flickers and vanishes!
Deactivating autopickup; reactivate with Ctrl-A.
You shoot a sling bullet.
The sling bullet barely misses the orc. x2
The orc priest mumbles some strange prayers to Beogh against you.
Beogh smites you!
Ouch! That really hurt!
You shoot a sling bullet. The sling bullet hits the orc.
The orc is heavily wounded.
You shoot a sling bullet. The sling bullet hits the orc.
You kill the orc!
You shoot a sling bullet. The sling bullet barely misses the orc.
The orc closely misses you.
You shoot a sling bullet. The sling bullet barely misses the orc.
The orc priest calls down the wrath of Beogh upon you.
Beogh smites you! The orc barely misses you. x2
1306 ||| READING scroll of teleportation.
As you read the scroll of teleportation, it crumbles to dust.
You feel strangely unstable.
You hear some strange, mumbled words.
Something tries to affect you, but you resist.
The orc priest mumbles some strange prayers to Beogh against you.
Beogh smites you!
You die...

#.......#
#.).....# #..
..#.......# #..#
.#.......# #...
.#.......# #..#
.......o. #..#
#.##.$o)# #..#
#.##..o@#
#..###.#####.#
#......# #.#
#####..###.#####.#
...##..###...>##.#
#.#
##%....#......##.#
#.#
####..#.#.#..##.#
#.# #............#
#.#
##.#.#.#..########
#.#


You could see an orc priest and 2 orcs.

Vanquished Creatures
  A hound (D:3)
  A gnoll (D:1)
  2 adders
  A worm (D:2)
  2 dart slugs (D:3)
  2 orcs (D:3)
  5 bats
  6 endoplasms
  6 goblins
  7 hobgoblins
  3 jackals (D:2)
  3 quokkas (D:1)
  4 ball pythons
  5 frilled lizards
  7 kobolds
  4 rats (D:1)
59 creatures vanquished.

Notes
Turn   | Place    | Note
-------+----------+-------------------------------------------
     0 | D:1      | qw the Gargoyle Hexslinger began the quest for the Orb.
     0 | D:1      | Reached XP level 1. HP: 12/12 MP: 2/2
     0 | D:1      | 0 ||| qw: Version: 0.3-a-52-g30416fa
     0 | D:1      | 0 ||| qw: Game counter: 6664
     0 | D:1      | 0 ||| qw: Melee chars always use a shield: true
     0 | D:1      | 0 ||| qw: God list: Okawaru
     0 | D:1      | 0 ||| qw: Allow faded altars: false
     0 | D:1      | 0 ||| qw: Do Orc after clearing Dungeon:15 true
     0 | D:1      | 0 ||| qw: Do second Lair branch before Depths: true
     0 | D:1      | 0 ||| qw: Lair rune preference: random
     0 | D:1      | 0 ||| qw: Goals: Normal
     0 | D:1      | 0 ||| PLANNING D:1-11
    13 | D:1      | HP: 2/12 [goblin/+0 club (4)]
    89 | D:1      | Reached XP level 2. HP: 16/16 MP: 3/3
   138 | D:1      | Reached skill level 3 in Ranged Weapons
   365 | D:1      | Reached XP level 3. HP: 18/21 MP: 4/4
   557 | D:1      | 557 ||| UPGRADING to +0 leather armour.
   567 | D:1      | 567 ||| DROPPING +0 robe.
   568 | D:1      | 568 ||| READING scroll labelled VUIMAS HINA.
   571 | D:1      | 571 ||| READING scroll labelled ITAFFO UROG.
   572 | D:1      | 572 ||| READING scroll labelled HULUIFO KYAQ.
   573 | D:1      | 573 ||| READING scroll labelled ERAGUQUSTRE.
   574 | D:1      | 574 ||| DRINKING 2 fuming silvery potions.
   575 | D:1      | 575 ||| DROPPING scroll of poison.
   603 | D:2      | Found a shimmering blue altar of Sif Muna.
   669 | D:2      | Reached XP level 4. HP: 25/26 MP: 5/5
   734 | D:2      | Reached skill level 4 in Ranged Weapons
  1124 | D:2      | 1124 ||| DROPPING +0 hat of stealth.
  1125 | D:2      | 1125 ||| READING scroll labelled GUFRIO HOUGYHU.
  1126 | D:2      | 1126 ||| DRINKING 4 blue potions.
  1127 | D:2      | 1127 ||| READING 2 scrolls of identify.
  1127 | D:2      | 1127 ||| IDENTIFYING viscous puce potion
  1181 | D:3      | 1181 ||| FLEEEEING.
  1184 | D:3      | 1184 ||| FLEEEEING.
  1185 | D:3      | 1185 ||| FLEEEEING.
  1235 | D:3      | Found a faded altar of an unknown god.
  1240 | D:3      | Reached XP level 5. HP: 30/30 MP: 6/6
  1305 | D:3      | HP: 4/30 [orc priest/divine providence (11)]
  1306 | D:3      | 1306 ||| READING scroll of teleportation.
  1306 | D:3      | Killed from afar by an orc priest

Levels and vault maps discovered:
D:1:      nicolae_arrival_washed_ashore, layout_rooms
D:2:      cheibrodos_old_hovel, layout_rooms, basic_altar, st_stairs_6,
          grunt_ministairs_2
D:3:      cheibrodos_pilgrimage, layout_loops_ring,
          nicolae_ashenzari_panopticon, ebering_ecumenical_altar_hall,
          minmay_misc_feat_plants

Skill      XL: |  1  2  3  4 |
---------------+-------------+-----
Ranged Weapons | 3 4 |  4.9
Fighting       | 2 |  2.0
Dodging        | |  1.5
Spellcasting   | |  1.0
Hexes          | |  2.6

Action                     |  1- 3 |  4- 6 || total
---------------------------+-------+-------++-------
   Fire: Sling             |   130 |    75 ||   205
    Use: Scroll            |     4 |     3 ||     7
         Potion            |     1 |     1 ||     2
 Armour: Robe              |    16 |       ||    16
         Leather armour    |     6 |    11 ||    17
  Dodge: Dodged            |    42 |    28 ||    70

Table legend:
 A = Non-vault XP
 B = Vault XP
 C = Vault XP percentage of total XP
 D = Non-vault monster count
 E = Vault monster count
 F = Vault count percentage of total count
                 A         B        C        D         E       F
            +---------+---------+-------+---------+---------+-------
      Total |     171 |      13 |   7.1 |      53 |       6 |  10.2
            +---------+---------+-------+---------+---------+-------
        D:1 |      57 |       0 |   0.0 |      30 |       0 |   0.0
        D:2 |      46 |       7 |  13.2 |      17 |       4 |  19.0
        D:3 |      68 |       6 |   8.1 |       6 |       2 |  25.0
            +---------+---------+-------+---------+---------+-------
